 Dungeon Crawl Stone Soup version 0.18-a0-1797-gc18daef (webtiles) character file.

3656 Mefis the Magician (level 10, -2/71 HPs)
             Began as a Human Wizard on Apr 22, 2016.
             Was a Priest of Sif Muna.
             Slain by an orc warrior
             ... wielding a +0 halberd
              (11 damage)
             ... on level 2 of the Orcish Mines.
             The game lasted 02:29:57 (10340 turns).

Mefis the Magician (Human Wizard)                  Turns: 10340, Time: 02:29:57

Health: -2/71      AC: 11    Str: 12    XL:     10   Next: 34%
Magic:  5/19       EV: 13    Int: 25    God:    Sif Muna [***...]
Gold:   716        SH:  0    Dex: 15    Spells: 10 memorised, 0 levels left

rFire  . . .     SeeInvis .     P - +0 shortbow
rCold  . . .     Gourm    .     j - +0 robe {rN+}
rNeg   + . .     Faith    .     (shield currently unavailable)
rPois  .         Spirit   .     b - +0 hat
rElec  .         Dismiss  .     q - +0 cloak
rCorr  .         Reflect  .     S - +2 pair of gloves {archery}
SustAt .         Harm     .     (no boots)
MR     .....                    e - amulet of magic regeneration
Stlth  +++.......               n - ring "Noumepp" {*Corrode AC+5 Str+5 Dex+3}
                                x - +3 ring of intelligence

@: sluggish, repel missiles, very slow, not resistant to hostile enchantments,
fairly stealthy
A: no striking features
a: Channel Energy, Renounce Religion


You were on level 2 of the Orcish Mines.
You worshipped Sif Muna.
Sif Muna was most pleased with you.
You were not hungry.

You visited 3 branches of the dungeon, and saw 12 of its levels.

You collected 716 gold pieces.

Inventory:

Hand Weapons
 g - a +0 dagger
 s - a +0 short sword
 z - a +2 spear of venom
 L - a +1 dagger of holy wrath
 O - a +2 dagger of venom
 P - a +0 shortbow (weapon)
 W - a +0 quick blade
Missiles
 l - 115 arrows (quivered)
 I - 28 poisoned needles
 J - a throwing net
 Q - a javelin
Armour
 a - a +0 robe
 b - a +0 hat (worn)
 j - a +0 robe of positive energy (worn)
 q - a +0 cloak (worn)
 S - a +2 pair of gloves of archery (worn)
Magical Staves
 H - an uncursed staff of poison
Jewellery
 e - an amulet of magic regeneration (around neck)
 h - an uncursed ring of see invisible
 n - the ring "Noumepp" (right hand) {*Corrode AC+5 Str+5 Dex+3}
   (You found it on level 8 of the Dungeon)

   [ring of protection]

   It affects your AC (+5).
   It affects your strength (+5).
   It affects your dexterity (+3).
   It may corrode you when you take damage.
 r - an uncursed ring of resist corrosion
 x - a +3 ring of intelligence (left hand)
 y - an uncursed ring of protection from cold
 B - an uncursed ring of protection from fire
Wands
 u - a wand of lightning (10/15)
 A - a wand of slowing (31/48)
 F - a wand of lightning (8/15)
Scrolls
 f - a scroll of immolation {unknown}
 w - a scroll of fog
 D - a scroll of random uselessness {unknown}
 G - 2 scrolls of recharging
 R - a scroll of noise {unknown}
 U - a scroll of enchant armour {unknown}
Potions
 k - 4 potions of degeneration
 m - a potion of mutation {unknown}
 o - 2 potions of agility
 p - 5 potions of might {unknown}
 t - 2 potions of curing
 C - a potion of heal wounds
 N - a potion of cancellation {unknown}
 T - a potion of ambrosia {unknown}
 X - a potion of experience {unknown}
Books
 c - a book of Minor Magic

   Spells                             Type                      Level
   a - Magic Dart                     Conjuration                  1
   b - Blink                          Translocation                2
   c - Call Imp                       Summoning                    2
   d - Repel Missiles                 Charms/Air                   2
   e - Slow                           Hexes                        2
   f - Conjure Flame                  Conjuration/Fire             3
   g - Mephitic Cloud                 Conjuration/Poison/Air       3
 V - a book of Air

   Spells                             Type                      Level
   a - Shock                          Conjuration/Air              1
   b - Swiftness                      Charms/Air                   2
   c - Repel Missiles                 Charms/Air                   2
   d - Static Discharge               Conjuration/Air              3
   e - Lightning Bolt                 Conjuration/Air              5
 Y - a book of Summonings

   Spells                             Type                      Level
   a - Recall                         Summoning/Translocation      3
   b - Aura of Abjuration             Summoning                    5
   c - Summon Demon                   Summoning                    5
   d - Summon Forest                  Summoning/Translocation      5
   e - Summon Mana Viper              Hexes/Summoning              5
   f - Shadow Creatures               Summoning                    6
Comestibles
 d - 6 bread rations
 i - 7 meat rations
 v - a royal jelly
 K - 3 fruits
 Z - a slice of pizza


   Skills:
 * Level 3.9 Fighting
 * Level 2.8 Staves
 + Level 1.2 Bows
 - Level 1.8 Throwing
 + Level 3.2 Dodging
 * Level 3.4 Stealth
 * Level 6.3 Spellcasting
 * Level 4.7 Conjurations
 * Level 1.9 Hexes
 * Level 1.2 Charms
 * Level 5.1 Summonings
 * Level 4.4 Translocations
 * Level 3.4 Fire Magic
 * Level 3.5 Air Magic
 * Level 2.9 Poison Magic


You couldn't memorise any spells.
You knew the following spells:

 Your Spells              Type           Power        Failure   Level  Hunger
a - Magic Dart            Conj           ####         1%          1    None
b - Call Imp              Summ           ####....     1%          2    None
c - Blink                 Tloc           N/A          1%          2    None
d - Static Discharge      Conj/Air       ####....     4%          3    None
e - Mephitic Cloud        Conj/Pois/Air  ####....     6%          3    None
f - Conjure Flame         Conj/Fire      ####....     4%          3    None
g - Slow                  Hex            ###.....     8%          2    None
h - Swiftness             Chrm/Air       ###.....     6%          2    None
i - Repel Missiles        Chrm/Air       ###...       6%          2    None
s - Shock                 Conj/Air       ####         1%          1    None


Dungeon Overview and Level Annotations

Branches:
Dungeon (9/15)             Temple (1/1) D:4             Orc (2/2) D:9
   Lair: D:8-11         Elf: Orc:2

Altars:
Elyvilon
Gozag
Kikubaaqudgha
Makhleb
Qazlal
Ru
Sif Muna
Vehumet
Xom
The Shining One

Shops:
D:7 *

Annotations:
D:6 PeterLawrence's ghost, novice MiFi


Message History

Your crimson imp hits the orc warrior.
The orc warrior hits you from afar with a halberd!
* * * LOW HITPOINT WARNING * * *
The warg completely misses you.
The ogre closely misses your crimson imp.
Casting: Blink
Confirm with . or Enter, or press ? or * to list all spells.
You blink.
The troll shouts!
The orc sorcerer seems less confused.
The orc warrior throws a tomahawk.
The tomahawk hits you but does no damage.
Your crimson imp barely misses the orc warrior.
Your shadow imp closely misses the warg.
The orc high priest hits you from afar with a trident.
* * * LOW HITPOINT WARNING * * *
Send 'em back where they came from!
Your shadow imp disappears in a puff of smoke!
Your crimson imp shudders.
The orc warrior hits you with a halberd!
You die...

..P... #.....8
.....P. ###.......
####.........
....##.##.........
#...#o............
#....#..h....###..
o...§#o.@oo§.......
..o#oo..5.T.o#.....
.##......O.).##.#..
##.##.#).<...#...
###.............
##.#..........
####.........
###....$## ....##


You could see an orc high priest, a troll (confused), a warg, an orc sorcerer, 5
orc warriors, an ogre and a friendly crimson imp.

Vanquished Creatures
  Pikel (D:8)
  Joseph (D:7)
  Prince Ribbit (D:8)
  4 orc warriors
  Duvessa (D:5)
  A sky beast (D:8)
  A black bear (D:8)
  3 ogres
  A centaur (D:7)
  4 giant frogs
  2 scorpions
  2 wights (D:5)
  3 crimson imps (D:7)
  2 hounds
  2 orc priests
  A gnoll shaman (D:4)
  A jelly (D:5)
  An iguana (D:7)
  3 orc wizards
  Natasha (thrice) (D:4)
  A worker ant (D:4)
  A hound zombie (D:7)
  A hound skeleton (D:4)
  A gnoll (D:4)
  7 adders
  2 oozes
  An adder skeleton (D:4)
  An adder zombie (D:8)
  A worm (D:2)
  2 dart slugs
  6 giant geckos
  17 orcs
  2 ball pythons
  6 giant cockroaches
  12 goblins
  6 hobgoblins
  6 jackals
  6 kobolds
  A quokka (D:2)
  8 bats
  3 giant newts
  A jackal skeleton (D:4)
  4 rats
134 creatures vanquished.

Vanquished Creatures (collateral kills)
  Sigmund (D:3)
  An orc warrior (D:8)
  A sky beast (D:8)
  2 ogres (Orc:1)
  Dowan (D:5)
  2 scorpions
  A wight (D:5)
  The ghost of ilikecats the Ruffian, a weakling VSMo (D:3)
  A crimson imp (D:7)
  A centaur zombie (D:7)
  2 orc wizards (D:7)
  An orc priest (Orc:1)
  2 iguanas
  Ijyb (D:3)
  4 worker ants
  2 gnolls (D:4)
  A howler monkey skeleton (D:9)
  5 adders
  A shadow imp (D:4)
  An adder skeleton (D:4)
  12 orcs
  A goblin (D:3)
  2 hobgoblins (D:3)
  6 jackals
  A kobold (D:3)
  A ball python (D:3)
55 creatures vanquished.

Vanquished Creatures (others)
  A slave (D:8)
  2 giant frogs (D:8)
  A giant gecko (D:4)
  A goblin (D:5)
  A quokka (D:8)
6 creatures vanquished.

Grand Total: 195 creatures vanquished

Notes
Turn   | Place    | Note
--------------------------------------------------------------
     0 | D:1      | Mefis the Human Wizard began the quest for the Orb.
     0 | D:1      | Reached XP level 1. HP: 13/13 MP: 4/4
   196 | D:1      | Reached XP level 2. HP: 19/19 MP: 4/6
   218 | D:1      | Learned a level 2 spell: Repel Missiles
   221 | D:1      | Learned a level 2 spell: Blink
   229 | D:1      | Learned a level 2 spell: Call Imp
   500 | D:1      | Reached XP level 3. HP: 20/25 MP: 3/7
  1157 | D:2      | Reached skill level 1 in Throwing
  1413 | D:2      | Reached skill level 1 in Fighting
  1413 | D:2      | Reached XP level 4. HP: 32/32 MP: 1/9
  1512 | D:2      | Found a burning altar of Makhleb.
  1512 | D:2      | Found a shimmering altar of Xom.
  1952 | D:3      | Found a glowing golden altar of the Shining One.
  2185 | D:3      | Reached XP level 5. HP: 24/37 MP: 1/10
  2195 | D:3      | Noticed ilikecats's ghost (weakling VSMo)
  2249 | D:3      | Killed ilikecats's ghost
  2510 | D:3      | Noticed Ijyb
  2528 | D:3      | Killed Ijyb
  2639 | D:3      | Noticed Sigmund
  2673 | D:3      | Killed Sigmund
  2673 | D:3      | Reached skill level 4 in Spellcasting
  2673 | D:3      | Reached skill level 1 in Air Magic
  2673 | D:3      | Reached XP level 6. HP: 34/43 MP: 9/12
  2823 | D:4      | Found a stormy altar of Qazlal.
  2848 | D:4      | Found a staircase to the Ecumenical Temple.
  2856 | Temple   | Entered the Ecumenical Temple
  2871 | Temple   | Became a worshipper of Sif Muna the Loreminder
  2906 | D:4      | Learned a level 3 spell: Mephitic Cloud
  2910 | D:4      | Learned a level 3 spell: Conjure Flame
  3219 | D:4      | Noticed Natasha
  3380 | D:4      | Killed Natasha
  3521 | D:4      | Reached XP level 7. HP: 35/49 MP: 13/13
  3593 | D:4      | Found a sacrificial altar of Ru.
  3593 | D:4      | Found an opulent altar of Gozag.
  3743 | D:4      | Noticed Natasha
  3755 | D:4      | Killed Natasha
  3842 | D:4      | Found an ancient bone altar of Kikubaaqudgha.
  3967 | D:4      | Noticed Natasha
  3975 | D:4      | Killed Natasha
  4086 | D:5      | Entered Level 5 of the Dungeon
  4086 | D:5      | Noticed Duvessa
  4086 | D:5      | Noticed Dowan
  4105 | D:5      | Reached skill level 1 in Fire Magic
  4185 | D:5      | Killed Duvessa
  4190 | D:5      | Killed Dowan
  4255 | D:5      | Reached * piety under Sif Muna
  4464 | D:5      | Reached XP level 8. HP: 56/56 MP: 7/15
  4990 | D:6      | Noticed PeterLawrence's ghost (novice MiFi)
  5159 | D:5      | Reached skill level 1 in Staves
  5842 | D:6      | Reached skill level 5 in Spellcasting
  7157 | D:7      | Reached skill level 1 in Poison Magic
  7236 | D:7      | Found Kuqiog's General Store.
  7248 | D:7      | Found a radiant altar of Vehumet.
  7331 | D:7      | Reached ** piety under Sif Muna
  7331 | D:7      | Reached XP level 9. HP: 63/63 MP: 10/16
  7335 | D:7      | Learned a level 2 spell: Slow
  7594 | D:7      | Noticed Joseph
  7705 | D:7      | Killed Joseph
  8172 | D:8      | Got a pitted jade ring
  8178 | D:8      | Identified the ring "Noumepp" {*Corrode AC+5 Str+5 Dex+3} (You found it on level 8 of the Dungeon)
  8326 | D:8      | Noticed Prince Ribbit
  8369 | D:8      | Killed Prince Ribbit
  8369 | D:8      | Reached skill level 1 in Hexes
  8480 | D:8      | Reached skill level 1 in Bows
  8611 | D:8      | Reached *** piety under Sif Muna
  8923 | D:7      | Learned a level 2 spell: Swiftness
  8925 | D:7      | Learned a level 1 spell: Shock
  8988 | D:8      | Noticed Pikel
  9106 | D:8      | Killed Pikel
  9106 | D:8      | Reached skill level 6 in Spellcasting
  9106 | D:8      | Reached XP level 10. HP: 71/71 MP: 11/19
  9296 | D:9      | Reached skill level 5 in Summonings
  9733 | D:9      | Found a staircase to the Orcish Mines.
  9745 | D:9      | Reached skill level 1 in Charms
  9816 | Orc:1    | Entered Level 1 of the Orcish Mines
 10319 | Orc:1    | Learned a level 3 spell: Static Discharge
 10320 | Orc:2    | Entered Level 2 of the Orcish Mines
 10333 | Orc:2    | Noticed an orc sorcerer
 10336 | Orc:2    | Noticed an orc high priest
 10336 | Orc:2    | Noticed an orc sorcerer
 10340 | Orc:2    | Slain by an orc warrior

Vault maps used:
D:1:      dpeg_arrival_simpleton_b
D:2:      grunt_temple_overflow_open
D:3:      tso_metal_star, first_bread, st_stairs_8, uniq_iyjb, uniq_sigmund
D:4:      kennysheep_mini, gammafunk_temple_overflow_wave, grunt_qazlal_clouds,
          minmay_temple_entry_junction, minmay_statues_item, uniq_natasha
D:5:      minmay_ogre_servants, uniq_duvessa
D:7:      nicolae_overflow_crystal_walls, serial_shops, nicolae_shop_crystal,
          uniq_joseph
D:8:      uniq_pikel, uniq_prince_ribbit1
D:9:      dpeg_lair_monsters, david_orc_2, uniq_erolcha
Temple:   oiseaux_autumnal_temple_12
Orc:2:    grunt_orc_gardens, grunt_orc_garden, grunt_orc_garden,
          grunt_orc_garden, grunt_orc_garden, serial_shops, shop, mines5_lemuel

Skill      XL: |  1  2  3  4  5  6  7  8  9 10 |
---------------+-------------------------------+-----
Throwing       | 1 |  1.8
Fighting       | 1 2 3 |  3.9
Summonings     | 2 3 4 5 |  5.1
Spellcasting   | 4 5 6 |  6.3
Conjurations   | 2 3 4 |  4.7
Air Magic      | 1 2 3 |  3.5
Translocations | 2 3 4 |  4.4
Fire Magic     | 1 2 3 |  3.4
Staves         | 1 2 |  2.8
Poison Magic   | 1 2 |  2.9
Dodging        | 3 |  3.2
Hexes          | 1 |  1.9
Bows           | 1 |  1.2
Stealth        | 3 |  3.4
Charms         | 1 |  1.2

Action                   |  1- 3 |  4- 6 |  7- 9 | 10-12 || total
-------------------------+-------+-------+-------+-------++-------
Melee: Club              |     2 |       |       |       ||     2
       Dagger            |     2 |    16 |       |       ||    18
       Short sword       |       |    35 |     1 |       ||    36
       Staff             |       |       |    47 |     3 ||    50
 Fire: Shortbow          |       |       |    28 |    18 ||    46
Throw: Javelin           |     2 |    13 |    12 |       ||    27
       Tomahawk          |       |       |    60 |     7 ||    67
       Stone             |       |       |     5 |       ||     5
       Throwing net      |       |       |     7 |     2 ||     9
 Cast: Magic Dart        |    80 |    74 |   161 |    23 ||   338
       Repel Missiles    |     1 |     1 |     1 |       ||     3
       Call Imp          |     7 |    42 |    90 |    16 ||   155
       Mephitic Cloud    |       |     6 |    39 |    12 ||    57
       Conjure Flame     |       |     2 |    26 |     2 ||    30
       Blink             |       |     1 |    14 |     5 ||    20
       Shock             |       |       |     5 |    10 ||    15
       Swiftness         |       |       |     1 |     1 ||     2
Evoke: Wand              |       |       |       |     1 ||     1
  Use: Scroll            |     1 |     3 |     8 |     2 ||    14
       Potion            |       |       |     4 |     1 ||     5
 Stab: Sleeping          |     1 |       |     2 |       ||     3
  Eat: Chunk             |     2 |     6 |     8 |     3 ||    19
       Bread ration      |       |     1 |     2 |       ||     3
       Fruit             |       |       |       |     1 ||     1
Armor: Robe              |     4 |    22 |    35 |     9 ||    70
Dodge: Dodged            |    21 |    70 |    97 |    31 ||   219
       Deflected         |     2 |     2 |     6 |       ||    10
